 Dungeon Crawl Stone Soup version 0.19-a0-1200-g056e253 (webtiles) character file.

215 AlphabetPasta the Chucker (level 5, -5/50 HPs)
             Began as a Troll Hunter on Aug 19, 2016.
             Slain by an ogre
             ... wielding a +0 giant club
              (19 damage)
             ... on level 3 of the Dungeon.
             The game lasted 00:06:20 (1838 turns).

AlphabetPasta the Chucker (Troll Hunter)            Turns: 1838, Time: 00:06:20

Health: -5/50      AC:  6    Str: 21    XL:     5   Next: 60%
Magic:  4/4        EV: 10    Int:  7    God:
Gold:   69         SH:  0    Dex: 10    Spells: 0 memorised, 4 levels left

rFire  . . .     SeeInvis .       - Unarmed
rCold  . . .     Gourm    +     r - +0 robe (curse)
rNeg   . . .     Faith    .     (no shield)
rPois  .         Spirit   .     (helmet restricted)
rElec  .         Dismiss  .     s - +0 cloak
rCorr  .         Reflect  .     (gloves unavailable)
MR     .....     Harm     .     (boots unavailable)
Stlth  +.........               (no amulet)
                                (no ring)
                                (no ring)

@: no status effects
A: unfitting armour, claws 3, fast metabolism 3, gourmand, regeneration 1,
shaggy fur 1, tough skin 2
a: no special abilities


You were on level 3 of the Dungeon.
You were completely stuffed.

You visited 1 branch of the dungeon, and saw 3 of its levels.

You collected 69 gold pieces.

Inventory:

Missiles
 c - 2 large rocks (quivered)
 d - 2 throwing nets
 g - 20 poisoned needles
Armour
 b - a +0 robe
 r - a cursed +0 robe (worn)
 s - a +0 cloak (worn)
Scrolls
 a - 2 scrolls of remove curse {unknown}
 e - a scroll of amnesia {unknown}
 h - 4 scrolls of identify {unknown}
 i - 2 scrolls of teleportation {unknown}
 j - 3 scrolls of enchant weapon {unknown}
 m - a scroll of immolation {unknown}
 p - 3 scrolls of magic mapping {unknown}
Potions
 k - 3 potions of curing {unknown}
 l - a potion of heal wounds {unknown}
 o - a potion of cure mutation {unknown}
Comestibles
 f - 3 bread rations
 n - 2 beef jerkies
 q - a meat ration


   Skills:
 + Level 2.6 Fighting
 + Level 4.3 Throwing
 + Level 2.2 Dodging
 - Level 0.4 Stealth
 * Level 3.4 Unarmed Combat


You had 4 spell levels left.
You didn't know any spells.

Dungeon Overview and Level Annotations

Branches:
Dungeon (3/15)

Altars:
Elyvilon
Fedhas
Zin


Innate Abilities, Weirdness & Mutations

You are too large for most types of armour.
You have claws for hands.
Your metabolism is lightning-fast.
You like to eat raw meat.
Your natural rate of healing is unusually fast.
You are covered in fur. (AC +1)
You have very tough skin. (AC +2)


Message History

The ogre hits you with a giant club!
A rat comes into view.
Throwing (i - inventory. (,) - cycle):
c - 4 large rocks (quivered)
Press: ? - help, Shift-Dir - straight line, f/p - ogre
Aim: an ogre, wielding a giant club You throw a large rock.
The large rock hits the ogre.
The ogre is lightly wounded.
You hear a bark!
The rat moves out of view.
The ogre closely misses you.
Throwing (i - inventory. (,) - cycle):
c - 3 large rocks (quivered)
Press: ? - help, Shift-Dir - straight line, f/p - ogre
Aim: an ogre, wielding a giant club (lightly wounded)
You throw a large rock. The large rock hits the ogre!!
The ogre is severely wounded.
The ogre hits you with a giant club!!
* * * LOW HITPOINT WARNING * * *
You barely miss the ogre.
The ogre is severely wounded.
The ogre hits you with a giant club!!
You die...

#........ ....##### ...
.....# ... .....#
...#... #
.#.#..###......###.#
............##...#.
#.###..#.......... .
..####.#.....# #.# ##.hh
#.........<..###@#..O...
#........#.#.#...Oh.h...
#..........#.#.#.#)##...
..####.#.#.#.#.#...#
######.#.#.#.....#...
.......#)......#.#.###
######.##..#.....# #
####.>###...# ..#.#
###.#


You could see an ogre and 2 jackals.

Vanquished Creatures
  An orc priest (D:3)
  Crazy Yiuf (D:2)
  An orc wizard (D:3)
  4 gnolls (D:2)
  4 adders (D:2)
  A worm (D:2)
  2 dart slugs (D:1)
  3 orcs (D:3)
  A ball python (D:2)
  5 bats
  A giant cockroach (D:2)
  4 goblins
  7 hobgoblins
  4 jackals (D:2)
  3 kobolds
  3 quokkas (D:2)
  A giant newt (D:2)
  7 rats
53 creatures vanquished.

Notes
Turn   | Place    | Note
-------+----------+-------------------------------------------
     0 | D:1      | AlphabetPasta the Troll Hunter began the quest for the Orb.
     0 | D:1      | Reached XP level 1. HP: 19/19 MP: 0/0
   113 | D:1      | Reached skill level 1 in Unarmed Combat
   123 | D:1      | Reached XP level 2. HP: 21/27 MP: 1/1
   722 | D:2      | Reached XP level 3. HP: 35/35 MP: 2/2
   765 | D:2      | Reached skill level 4 in Throwing
   779 | D:2      | Reached XP level 4. HP: 12/42 MP: 3/3
  1662 | D:2      | Found a runed door.
  1666 | D:2      | Noticed Crazy Yiuf
  1672 | D:2      | Killed Crazy Yiuf
  1672 | D:2      | Reached XP level 5. HP: 32/50 MP: 2/4
  1753 | D:3      | Found a white marble altar of Elyvilon.
  1772 | D:3      | Found a glowing silver altar of Zin.
  1791 | D:3      | Found a blossoming altar of Fedhas.
  1831 | D:3      | Noticed an ogre
  1838 | D:3      | Slain by an ogre

Vault maps used:
D:1:      minmay_arrival_semitransparent, hangedman_decor_opposing,
          wad_floor_pattern_untrapped
D:2:      uniq_crazy_yiuf_cottage
D:3:      fedhas_altar_1, zin_academy, old_standard_altar

Skill      XL: |  1  2  3  4 |
---------------+-------------+-----
Unarmed Combat | 1 2 3 |  3.4
Fighting       | 2 |  2.6
Throwing       | 4 |  4.3
Dodging        | 2 |  2.2
Stealth        | |  0.4

Action                   |  1- 3 |  4- 6 || total
-------------------------+-------+-------++-------
Melee: Short sword       |    39 |       ||    39
       Unarmed           |    38 |    72 ||   110
       Punch             |     1 |       ||     1
Throw: Large rock        |     5 |    11 ||    16
 Stab: Sleeping          |     2 |     2 ||     4
  Eat: Chunk             |     7 |    14 ||    21
       Beef jerky        |     1 |       ||     1
Armor: Robe              |    25 |    24 ||    49
Dodge: Dodged            |    31 |    18 ||    49
